Map: Dusty Gorge

Players

MADscientist - Winner!

  • Race: Protoss Protoss
  • League: Platinum
  • Spawn Location: 3:00

BitsPlease - Winner!

  • Race: Terran Terran
  • League: Diamond
  • Spawn Location: 5:00

Infidel

  • Race: Protoss Protoss
  • League: Diamond
  • Spawn Location: 9:00

FrozenHell

  • Race: Protoss Protoss
  • League: Platinum
  • Spawn Location: 11:00

VOD

Have the link to the VOD?

Description

Time

  • Played on: Nov. 25, 2019, 11:26 p.m.
  • Length: 3:37
Show
View Real Time Build Order
Export as new Build Order

MADscientist Protoss - Winner!

Build Orders: Cannon Rush 

Get SALT Encoding   

  12  0:03  Probe (Chrono Boost)  
  13  0:13  Probe (Chrono Boost)  
  14  0:20  Pylon  
  14  0:26  Probe  
  15  0:40  Forge, Probe  
  16  0:55  Pylon  
  16  1:08  Assimilator  
  16  1:12  Assimilator  
  16  1:29  Photon Cannon  
  16  1:30  Photon Cannon  
  16  1:43  Photon Cannon  
  16  1:49  Pylon  
  16  2:10  Pylon  
  16  2:29  Pylon  
  16  2:32  Probe (Chrono Boost)  
  17  2:42  Probe (Chrono Boost)  
  18  2:49  Photon Cannon  
  18  2:50  Photon Cannon  
  18  3:03  Pylon  
Show
View Real Time Build Order
Export as new Build Order

BitsPlease Terran - Winner!

Build Orders:  

Get SALT Encoding   

  12  0:01  SCV  
  13  0:13  SCV  
  14  0:19  Supply Depot  
  14  0:25  SCV  
  15  0:41  SCV  
  15  0:42  Barracks  
  16  0:53  SCV  
  16  0:55  Barracks  
  17  1:05  SCV  
  18  1:11  Barracks  
  19  1:30  Marine  
  19  1:34  Orbital Command  
  19  1:35  Supply Depot  
  19  1:44  Marine  
  20  1:48  Marine  
  21  2:00  Refinery  
  21  2:01  Marine  
  21  2:02  Supply Depot  
  21  2:04  Marine  
  21  2:05  Marine  
  24  2:11  SCV  
  25  2:19  Marine  
  25  2:22  Marine  
  27  2:25  Supply Depot  
  27  2:32  Marine, SCV  
  29  2:37  Marine  
  29  2:43  Marine  
  29  2:44  SCV  
  32  2:49  Supply Depot  
  32  2:50  Marine  
  33  2:55  Marine  
  33  2:56  SCV  
  35  3:03  Marine  
  36  3:07  Marine  
  36  3:08  SCV  
  38  3:13  Marine  
  39  3:20  SCV  
Show
View Real Time Build Order
Export as new Build Order

Infidel Protoss 

Build Orders:  

Get SALT Encoding   

  12  0:01  Probe  
  13  0:13  Probe  
  14  0:19  Pylon  
  7  1:03  Probe (Chrono Boost)  
  7  1:14  Probe (Chrono Boost)  
  8  1:20  Probe  
  10  1:32  Probe (Chrono Boost)  
  10  1:45  Probe (Chrono Boost)  
  11  1:53  Probe (Chrono Boost)  
  12  2:15  Probe (Chrono Boost)  
  12  2:41  Probe  
  13  3:15  Probe  
Show
View Real Time Build Order
Export as new Build Order

FrozenHell Protoss 

Build Orders:  

Get SALT Encoding   

  12  0:01  Probe  
  3  1:02  Probe  
  2  1:20  Probe  
  1  1:54  Probe  
Tags
 
Add a new tag
Caveats
  • Supply blocks, unpowered buildings, or Contaminate may cause inaccurate times.
  • Supply counts are checked every 10 seconds.